Map: Arctic Gates

Players

TheGoldenBoy

  • Race: Zerg Zerg
  • Spawn Location: 3:00

DansTaBouche

  • Race: Protoss Protoss
  • Spawn Location: 0:00

Metasapien - Winner!

  • Race: Zerg Zerg
  • League: Platinum
  • Spawn Location: 9:00

Kswiss - Winner!

  • Race: Protoss Protoss
  • League: Silver
  • Spawn Location: 0:00

VOD

Have the link to the VOD?

Description

Time

  • Played on: Sept. 23, 2017, 2:15 a.m.
  • Length: 9:16
Show
View Real Time Build Order
Export as new Build Order

TheGoldenBoy Zerg 

Build Orders: Pool First 

Get SALT Encoding   

  12  0:02  Drone  
  13  0:08  Drone  
  14  0:14  Extractor  
  14  0:16  Drone  
  14  0:36  Spawning Pool  
  14  0:38  Drone  
  14  0:55  Overlord  
  14  1:09  Extractor  
  14  1:10  Drone  
  14  1:20  Drone x2  
  14  1:23  Queen  
  14  1:25  Drone  
  19  1:34  Drone  
  20  1:47  Drone  
  21  2:01  Lair  
  21  2:10  Drone  
  21  2:12  Overlord  
  22  2:51  Hatchery  
  21  3:07  Spire  
  21  3:09  Spire  
  21  3:11  Drone  
  20  3:14  Drone  
  21  3:23  Drone  
  22  3:40  Drone x2  
  22  3:41  Drone  
  25  4:21  Mutalisk x2  
  29  4:26  Mutalisk x3  
  35  4:44  Drone  
  36  4:46  Overlord  
  36  4:49  Overlord  
  36  5:04  Queen  
  38  5:23  Zerg Flyer Weapons Level 1, Zerg Flyer Armor Level 1  
  38  5:29  Mutalisk x4  
  46  5:36  Drone x3  
  49  6:00  Drone x3  
  49  6:02  Overlord x2  
  38  7:13  Mutalisk x3  
  38  7:14  Mutalisk x7  
  58  7:25  Extractor  
  58  7:29  Extractor  
  56  7:32  Drone x3  
  59  7:47  Overseer x2  
  59  7:48  Overseer  
  59  7:53  Hatchery  
  58  8:04  Drone x5  
  63  8:17  Hatchery  
  48  8:42  Mutalisk x5  
  48  8:43  Mutalisk  
Show
View Real Time Build Order
Export as new Build Order

DansTaBouche Protoss 

Build Orders:  

Get SALT Encoding   

  12  0:18  Pylon  
  12  0:20  Probe (Chrono Boost)  
  13  0:31  Probe (Chrono Boost)  
  14  0:41  Probe (Chrono Boost)  
  15  0:52  Probe (Chrono Boost), Gateway  
  16  1:00  Forge  
  16  1:06  Probe (Chrono Boost)  
  17  1:16  Probe (Chrono Boost)  
  17  1:17  Assimilator  
  18  1:25  Assimilator  
  18  1:29  Pylon  
  18  1:31  Probe (Chrono Boost)  
  19  1:41  Probe (Chrono Boost)  
  20  1:53  Photon Cannon  
  20  2:10  Photon Cannon  
  20  2:12  Pylon, Photon Cannon  
  20  2:27  Probe (Chrono Boost)  
  21  2:38  Probe (Chrono Boost)  
  21  2:41  Pylon  
  22  2:48  Probe (Chrono Boost)  
  23  2:54  Photon Cannon  
  23  2:59  Probe (Chrono Boost)  
  23  3:02  Photon Cannon  
  24  3:09  Probe (Chrono Boost)  
  24  3:11  Pylon  
  25  3:32  Cybernetics Core  
  25  3:44  Photon Cannon  
  25  3:47  Photon Cannon  
  25  4:02  Nexus  
  21  4:39  Photon Cannon  
  21  4:57  Pylon  
  21  5:04  Photon Cannon  
  21  5:21  Photon Cannon  
  21  5:31  Pylon  
  21  5:33  Pylon  
  21  5:36  Pylon  
  21  5:37  Probe x2 (Chrono Boost)  
  23  5:46  Assimilator  
  23  5:47  Probe x2 (Chrono Boost)  
  25  5:54  Assimilator  
  25  5:58  Probe x2 (Chrono Boost)  
  25  6:02  Protoss Shields Level 1  
  27  6:10  Probe x2 (Chrono Boost)  
  29  6:20  Probe x2 (Chrono Boost)  
  31  6:31  Probe (Chrono Boost)  
  32  6:39  Probe (Chrono Boost)  
  33  6:41  Probe (Chrono Boost)  
  34  6:49  Probe (Chrono Boost), Photon Cannon  
  34  6:52  Probe (Chrono Boost)  
  36  6:57  Photon Cannon  
  36  7:00  Probe (Chrono Boost)  
  37  7:02  Probe (Chrono Boost)  
  37  7:08  Photon Cannon  
  38  7:10  Probe (Chrono Boost)  
  38  7:13  Probe (Chrono Boost)  
  40  7:21  Probe (Chrono Boost)  
  41  7:24  Probe (Chrono Boost)  
  42  7:31  Probe (Chrono Boost)  
  42  7:34  Probe (Chrono Boost)  
  44  7:49  Stargate x2  
  44  7:54  Stargate  
  44  7:56  Cybernetics Core  
  44  7:58  Robotics Facility  
  44  8:17  Twilight Council  
Show
View Real Time Build Order
Export as new Build Order

Metasapien Zerg - Winner!

Build Orders: Hatch First 

Get SALT Encoding   

  12  0:04  Drone  
  13  0:13  Overlord  
  13  0:26  Drone  
  14  0:30  Drone, Extractor  
  14  0:34  Drone  
  15  0:40  Drone  
  16  0:50  Drone  
  17  1:04  Hatchery  
  16  1:13  Drone  
  16  1:14  Drone  
  18  1:25  Spawning Pool  
  17  1:28  Drone  
  18  1:35  Drone  
  19  1:42  Overlord  
  19  1:55  Drone  
  19  1:57  Extractor  
  19  2:10  Drone  
  19  2:12  Queen  
  22  2:16  Queen  
  22  2:17  Drone  
  22  2:20  Drone  
  26  2:33  Zergling x2  
  26  2:36  Drone  
  28  2:40  Overlord  
  28  2:43  Drone  
  29  2:49  Drone  
  30  2:56  Roach Warren  
  29  3:01  Drone x2  
  29  3:02  Drone  
  32  3:12  Drone x2  
  34  3:16  Metabolic Boost  
  34  3:21  Lair  
  34  3:27  Overlord  
  34  3:32  Drone  
  34  3:33  Drone x3  
  38  3:53  Hatchery  
  37  3:58  Queen  
  37  4:02  Drone x2  
  41  4:03  Overlord  
  41  4:07  Overlord  
  41  4:11  Drone  
  41  4:12  Drone  
  43  4:23  Extractor  
  42  4:24  Extractor  
  42  4:25  Drone x2  
  43  4:33  Glial Reconstitution  
  43  4:34  Pneumatized Carapace  
  43  4:35  Hydralisk Den  
  42  4:46  Drone  
  42  4:47  Drone x2  
  47  4:53  Roach x5  
  47  4:54  Roach  
  57  5:00  Overlord  
  57  5:01  Overlord  
  57  5:12  Drone x3  
  57  5:14  Overlord x2  
  60  5:16  Drone  
  60  5:20  Drone  
  62  5:32  Roach x3, Hydralisk x2  
  72  5:37  Drone x2  
  74  5:44  Drone x2  
  74  5:46  Hydralisk x2  
  80  5:50  Overseer  
  80  5:51  Overseer  
  80  5:55  Drone x3  
  83  5:59  Drone x3  
  83  6:01  Hydralisk  
  88  6:07  Evolution Chamber  
  88  6:08  Evolution Chamber  
  86  6:11  Drone  
  86  6:12  Drone x2  
  86  6:15  Spore Crawler  
  86  6:17  Spore Crawler  
  86  6:18  Drone x2  
  89  6:20  Drone  
  89  6:21  Hydralisk  
  92  6:29  Overlord x2  
  84  6:47  Spore Crawler  
  84  6:48  Spore Crawler  
  84  6:52  Spore Crawler  
  80  6:58  Zerg Missile Weapons Level 1  
  80  6:59  Zerg Ground Armor Level 1  
  80  7:00  Hydralisk x6  
  80  7:01  Hydralisk x2  
  92  7:07  Drone x2  
  98  7:15  Extractor  
  98  7:20  Hydralisk x4  
  98  7:22  Overlord x2  
  105  7:26  Extractor  
  104  7:34  Drone  
  105  7:51  Hydralisk x4  
  105  7:52  Roach x2, Hydralisk  
  105  7:53  Roach  
  105  7:54  Overlord x2  
  105  7:55  Overlord  
  121  8:14  Hydralisk x4  
  121  8:15  Roach x3, Hydralisk x2  
  121  8:17  Overlord  
  139  8:31  Roach, Hydralisk x2  
  145  8:46  Zergling x6  
  145  8:47  Zergling x10  
  153  8:52  Ravager  
Show
View Real Time Build Order
Export as new Build Order

Kswiss Protoss - Winner!

Build Orders: Oracle Opening 

Get SALT Encoding   

  12  0:04  Probe (Chrono Boost)  
  14  0:14  Probe (Chrono Boost)  
  14  0:21  Pylon  
  14  0:25  Probe (Chrono Boost)  
  15  0:39  Probe (Chrono Boost)  
  16  0:45  Gateway  
  16  0:52  Forge  
  16  0:53  Probe (Chrono Boost)  
  17  1:04  Probe (Chrono Boost)  
  18  1:05  Assimilator  
  18  1:15  Probe (Chrono Boost)  
  19  1:22  Pylon  
  19  1:29  Photon Cannon  
  19  1:35  Cybernetics Core  
  19  1:46  Assimilator  
  19  1:49  Probe (Chrono Boost)  
  20  1:59  Photon Cannon  
  20  2:00  Probe (Chrono Boost)  
  21  2:07  Photon Cannon  
  21  2:30  Pylon  
  21  2:34  Stargate  
  21  2:38  Photon Cannon  
  21  3:04  Nexus  
  21  3:16  Oracle (Chrono Boost)  
  24  3:25  Adept  
  26  3:36  Pylon  
  27  3:43  Mothership Core  
  28  3:57  Void Ray (Chrono Boost)  
  32  4:06  Probe  
  33  4:18  Probe  
  34  4:30  Probe  
  35  4:42  Void Ray (Chrono Boost)  
  39  4:48  Probe  
  39  4:49  Probe  
  41  5:00  Probe x2  
  43  5:10  Probe  
  43  5:13  Probe  
  42  5:19  Phoenix (Chrono Boost)  
  42  5:21  Probe  
  40  5:25  Probe  
  40  5:26  Photon Cannon  
  42  5:32  Warp Gate (Chrono Boost)  
  42  5:37  Probe  
  43  5:49  Probe  
  44  5:50  Stargate  
  44  5:55  Stargate, Phoenix  
  46  6:01  Probe  
  47  6:08  Pylon  
  47  6:11  Assimilator  
  47  6:13  Assimilator  
  47  6:15  Pylon  
  47  6:20  Pylon  
  47  6:27  Phoenix  
  49  7:02  Void Ray x2  
  57  7:17  Probe  
  58  7:24  Photon Cannon  
  58  7:27  Photon Cannon  
  58  7:28  Probe  
  58  7:29  Photon Cannon  
  59  7:31  Photon Cannon  
  59  7:33  Photon Cannon  
  59  7:38  Probe  
  60  7:46  Void Ray  
  60  7:49  Probe  
  65  7:59  Probe  
  65  8:02  Nexus  
  66  8:05  Fleet Beacon  
  66  8:09  Void Ray  
Tags
 
Add a new tag
Caveats
  • Supply blocks, unpowered buildings, or Contaminate may cause inaccurate times.
  • Supply counts are checked every 10 seconds.